Map: Magannatha LE

Players

ManlyManMeat

  • Race: Zerg Zerg
  • League: Diamond
  • Spawn Location: 5:00

Isil - Winner!

  • Race: Terran Terran
  • League: Diamond
  • Spawn Location: 11:00

VOD

Have the link to the VOD?

Description

Time

  • Played on: July 10, 2025, 1:26 p.m.
  • Length: 10:28
Show
View Real Time Build Order
Export as new Build Order

ManlyManMeat Zerg 

Build Orders: Hatch First 

Get SALT Encoding   

  12  0:00  Drone  
  13  0:07  Drone  
  13  0:14  Drone, Extractor  
  15  0:21  Overlord  
  15  0:40  Drone  
  16  0:46  Hatchery  
  16  0:49  Drone  
  16  0:54  Drone  
  18  0:57  Drone  
  18  1:08  Extractor  
  17  1:13  Spawning Pool  
  17  1:15  Drone  
  17  1:19  Drone  
  18  1:35  Drone  
  18  1:39  Drone  
  20  1:59  Queen x2  
  20  2:00  Zergling x4  
  26  2:02  Overlord  
  26  2:09  Drone x2  
  28  2:15  Metabolic Boost  
  28  2:22  Drone x2  
  29  2:39  Zergling x2  
  29  2:43  Drone x2  
  32  2:52  Drone x2  
  32  2:54  Hatchery, Overlord  
  33  3:10  Drone  
  33  3:11  Drone, Overlord  
  33  3:12  Overlord  
  35  3:19  Drone x2  
  36  3:27  Queen  
  36  3:29  Drone  
  36  3:30  Drone x2  
  36  3:31  Drone x2  
  43  3:37  Queen  
  45  3:42  Zergling x4  
  47  3:55  Extractor  
  46  3:59  Evolution Chamber  
  45  4:21  Zergling x8  
  45  4:23  Drone x4  
  53  4:26  Queen  
  53  4:29  Lair  
  53  4:30  Queen  
  57  4:32  Zergling x6  
  57  4:33  Zergling x2  
  57  4:54  Zergling x10  
  57  4:55  Overlord x4  
  57  4:56  Drone x2  
  57  4:57  Drone x2  
  66  5:31  Baneling Nest, Overseer  
  66  5:33  Zergling x14  
  66  5:34  Zergling x10  
  77  5:37  Zerg Melee Weapons Level 1  
  77  5:40  Drone x2  
  77  5:41  Drone  
  77  5:42  Hatchery  
  79  5:53  Hatchery  
  72  5:57  Hatchery  
  72  5:59  Spore Crawler  
  67  6:06  Overseer  
  67  6:16  Hatchery  
  66  6:20  Overseer  
  65  6:28  Zergling x2  
  65  6:29  Zergling x16  
  75  6:40  Drone x3, Extractor  
  75  6:41  Drone x3  
  79  6:51  Hatchery  
  79  6:53  Baneling x2  
  79  6:54  Baneling  
  78  6:56  Drone  
  78  6:58  Drone  
  80  7:02  Extractor  
  76  7:15  Roach Warren  
  70  7:19  Evolution Chamber  
  69  7:24  Zergling x20  
  69  7:25  Zergling x6  
  82  7:30  Drone x4  
  82  7:31  Drone  
  87  7:46  Queen x3  
  87  7:48  Zerg Melee Weapons Level 2  
  93  8:06  Zergling x22  
  93  8:10  Baneling x7  
  104  8:17  Baneling x5  
  104  8:18  Baneling x3  
  104  8:21  Zergling x4  
  100  8:41  Zergling x8, Baneling x8  
  90  8:42  Zergling x2  
  83  8:59  Infestation Pit  
  79  9:45  Zergling x24  
  87  9:46  Zergling x4  
  90  9:59  Zergling x28  
  99  10:00  Zergling x8  
  97  10:07  Baneling  
  97  10:08  Overlord, Baneling x7  
Show
View Real Time Build Order
Export as new Build Order

Isil Terran - Winner!

Build Orders: Reaper Expand, Banshee Rush 

Get SALT Encoding   

  12  0:00  SCV  
  13  0:12  SCV  
  14  0:17  Supply Depot  
  14  0:24  SCV  
  15  0:39  SCV  
  15  0:40  Barracks  
  16  0:43  Refinery  
  16  0:51  SCV  
  17  1:03  SCV  
  18  1:15  SCV  
  19  1:28  Orbital Command, Reaper  
  20  1:39  Command Center  
  20  1:49  Supply Depot  
  20  1:54  SCV  
  21  1:59  Marine  
  22  2:04  Factory  
  22  2:07  SCV  
  23  2:22  Barracks Reactor  
  23  2:24  SCV  
  24  2:36  SCV  
  25  2:45  Command Center  
  25  2:48  SCV  
  26  2:52  Orbital Command  
  26  3:00  SCV  
  26  3:02  Starport  
  27  3:06  Refinery  
  27  3:07  Hellion  
  29  3:15  Barracks Tech Lab  
  29  3:26  SCV  
  30  3:27  Hellion  
  30  3:28  Hellion  
  30  3:29  SCV  
  35  3:38  SCV  
  36  3:46  SCV  
  36  3:47  Banshee  
  40  3:49  Hellion x2  
  44  3:57  Cloaking Field  
  44  3:58  Orbital Command  
  44  4:02  SCV x2  
  46  4:03  Barracks Tech Lab  
  46  4:08  Supply Depot  
  46  4:22  SCV x2  
  48  4:29  Barracks  
  48  4:30  Banshee, Barracks, Supply Depot  
  51  4:33  SCV  
  51  4:34  SCV  
  53  4:50  SCV  
  54  4:55  SCV  
  54  4:58  Stimpack  
  55  5:01  SCV  
  55  5:04  Engineering Bay, SCV  
  55  5:05  Engineering Bay  
  55  5:06  Factory Tech Lab  
  57  5:08  Supply Depot  
  57  5:09  SCV  
  57  5:10  Marine  
  59  5:23  SCV  
  59  5:25  Supply Depot, SCV  
  59  5:26  Siege Tank  
  64  5:28  Marine  
  64  5:30  Supply Depot  
  64  5:31  Starport Reactor  
  64  5:32  Marine x2  
  64  5:33  Marine, Combat Shield  
  68  5:37  SCV  
  68  5:38  Refinery  
  68  5:39  Refinery  
  68  5:42  SCV  
  70  5:45  Supply Depot  
  70  5:46  Marine  
  71  5:50  Barracks, Marine x2, SCV  
  71  5:52  Barracks x2  
  70  6:05  SCV  
  70  6:09  SCV  
  70  6:10  Marine x4, SCV  
  77  6:21  SCV, Medivac  
  77  6:22  SCV, Medivac  
  83  6:28  Marine x4  
  83  6:30  Supply Depot  
  83  6:31  Siege Tank  
  90  6:34  Terran Infantry Weapons Level 1  
  90  6:41  Orbital Command  
  90  6:45  Marine  
  91  6:47  Marine x2  
  91  6:51  Terran Infantry Armor Level 1  
  91  6:52  Orbital Command  
  93  6:54  SCV  
  93  6:57  Supply Depot  
  91  7:16  Marine, SCV x2  
  91  7:17  Marauder, Marine  
  91  7:19  Barracks Reactor  
  91  7:20  Barracks Reactor  
  91  7:21  Barracks Reactor, Medivac x2  
  101  7:22  Concussive Shells  
  101  7:23  Marine  
  101  7:25  SCV  
  101  7:28  SCV x2  
  105  7:33  Supply Depot  
  105  7:34  Marine x2  
  105  7:35  Supply Depot, Armory  
  107  7:37  SCV  
  107  7:39  Marauder  
  107  7:40  SCV  
  107  7:41  Marauder  
  113  7:45  SCV  
  113  7:49  SCV  
  113  7:50  Supply Depot  
  115  7:52  Marine x2, SCV  
  115  7:53  Supply Depot  
  115  7:57  Siege Tank, SCV  
  122  8:00  Marauder  
  122  8:01  Marine, SCV  
  122  8:02  Marine x2  
  122  8:03  Marauder  
  122  8:04  SCV  
  122  8:05  Marine  
  132  8:08  Supply Depot  
  132  8:09  SCV  
  132  8:10  Marine  
  132  8:11  Marine  
  135  8:22  Marauder  
  135  8:24  Marauder  
  135  8:25  Orbital Command  
  135  8:26  Marine x3  
  135  8:27  Marine x2  
  141  8:28  Marine x2, SCV x2  
  141  8:32  Siege Tank  
  130  8:43  Marauder  
  130  8:46  Marauder  
  130  8:47  SCV x2  
  124  8:53  SCV  
  122  8:59  SCV x2  
  121  9:04  Marauder  
  121  9:05  SCV  
  121  9:07  Marauder  
  121  9:09  Marine  
  126  9:11  SCV x2  
  126  9:12  Command Center  
  126  9:13  Marine  
  126  9:14  Marine  
  131  9:17  Marine x2  
  131  9:18  Marine  
  130  9:24  Marine x2  
  130  9:26  Marauder  
  130  9:28  Marauder  
  136  9:31  Marine x2  
  136  9:33  Marine  
  136  9:35  Marine, SCV  
  141  9:40  Marine x2  
  141  9:41  SCV  
  141  9:42  Marine  
  141  9:43  SCV  
  141  9:44  Marine  
  147  9:47  Marauder  
  147  9:49  Marine  
  147  9:50  Marauder  
Tags
 
Add a new tag
Caveats
  • Supply blocks, unpowered buildings, or Contaminate may cause inaccurate times.
  • Supply counts are checked every 10 seconds.